 Dungeon Crawl Stone Soup version 0.21.1-1-g345015f (webtiles) character file.

484 inc the Nimble (level 6, 24/24 HPs)
             Began as a Felid Enchanter on Feb 25, 2018.
             Was an Initiate of Gozag.
             Quit the game on level 6 of the Dungeon.
             The game lasted 00:18:27 (7451 turns).

inc the Nimble (Felid Enchanter)                    Turns: 7451, Time: 00:18:28

Health: 24/24      AC:  2    Str:  4    XL:     6   Next: 88%
Magic:  10/10      EV: 30    Int: 18    God:    Gozag
Gold:   247        SH:  0    Dex: 17    Spells: 3/9 levels left
                                        Lives:  1   Deaths: 1

rFire    . . .     SeeInvis +     - Unarmed
rCold    . . .     Gourm    .   (shield unavailable)
rNeg     . . .     Faith    .   (armour unavailable)
rPois    +         Spirit   .   (helmet unavailable)
rElec    .         Reflect  .   (cloak unavailable)
rCorr    .         Harm     .   (gloves unavailable)
MR       .....                  (boots unavailable)
Stlth    ++++......             (no amulet)
HPRegen  0.08/turn              n - ring of poison resistance
MPRegen  0.12/turn              t - +4 ring of evasion

@: quick
A: very small, no armour, no weapons or thrown items, stealth, claws 1, fangs 3,
see invisible, carnivore, speed 1, shaggy fur 2, slow metabolism 1, sharp paws
a: Potion Petition, Call Merchant, Bribe Branch, Renounce Religion


You were on level 6 of the Dungeon.
You worshipped Gozag.
Gozag was aware of your devotion.
You were not hungry.

You visited 2 branches of the dungeon, and saw 7 of its levels.

You collected 306 gold pieces.
You paid 59 gold pieces to Gozag.

Inventory:

Jewellery
 n - a ring of poison resistance (left paw)
 s - the ring of Yesterday {*Corrode rC+ Str+4 Int+4 SInv}
   (You found it on level 4 of the Dungeon)

   [ring of see invisible]

   It affects your strength (+4).
   It affects your intelligence (+4).
   It protects you from cold.
   It lets you see invisible.
   It may corrode you when you take damage.
 t - a +4 ring of evasion (right paw)
 v - an uncursed ring of fire
 w - an uncursed ring of fire
Wands
 r - a wand of polymorph (15)
Scrolls
 d - a scroll of identify {unknown}
 g - a scroll of magic mapping {unknown}
 i - 2 scrolls of remove curse {unknown}
 j - a scroll of blinking {unknown}
 k - 3 scrolls of fog {unknown}
 m - 2 scrolls of noise {unknown}
 p - 2 scrolls of amnesia {unknown}
Potions
 c - 2 potions of flight {unknown}
 e - a potion of degeneration {unknown}
 f - a potion of ambrosia {unknown}
 h - a potion of curing {unknown}
 l - a potion of magic {unknown}
 o - a potion of brilliance
 q - a potion of might {unknown}
 u - 2 potions of heal wounds {unknown}
Books
 a - a book of Maledictions

   Spells                             Type                      Level
   a - Corona                         Hexes                        1
   b - Ensorcelled Hibernation        Hexes/Ice                    2
   c - Confuse                        Hexes                        3
   d - Tukima's Dance                 Hexes                        3
   e - Dazzling Spray                 Conjuration/Hexes            3
Comestibles
 b - 5 rations


   Skills:
 - Level 10.0 Dodging
 + Level 5.2 Stealth
 - Level 3.0 Unarmed Combat
 - Level 2.0 Spellcasting
 - Level 5.5 Hexes
 - Level 1.8 Ice Magic


You had 3 spell levels left.
You knew the following spells:

 Your Spells              Type           Power        Failure   Level  Hunger
a - Corona                Hex            ###....      1%          1    #......
b - Ensorcelled Hibernat  Hex/Ice        ###...       6%          2    ###....
c - Confuse               Hex            ###.....     5%          3    ###....


Dungeon Overview and Level Annotations

Branches:
Dungeon (6/15)             Temple (1/1) D:4

Altars:
Ashenzari
Cheibriados
Dithmenos
Elyvilon
Fedhas
Gozag
Hepliaklqana
Kikubaaqudgha
Makhleb
Nemelex Xobeh
Okawaru
Qazlal
Ru
Sif Muna
Trog
Uskayaw
Vehumet
Xom
Yredelemnul
Zin
The Shining One

Annotations:
D:3 Terence
D:4 Menkaure


Innate Abilities, Weirdness & Mutations

You cannot wear armour.
You are incapable of wielding weapons or throwing items.
Your paws allow you to move quietly. (Stealth)
You have sharp claws.
You have razor-sharp teeth.
You have supernaturally acute eyesight. (SInv)
You are carnivorous and can eat meat at any time.
You cover ground quickly.
You are covered in thick fur. (AC +2)
You have a slow metabolism.
Your sharp claws are effective at attacking unaware monsters.


Message History

Confirm with . or Enter, or press ? or * to list all spells.
Aiming: Ensorcelled Hibernation
Press: ? - help, Shift-Dir - straight line, f/p - bullfrog
Aim: a bullfrog (lightly wounded, chance to defeat MR: 46%)
The bullfrog resists with some effort.
The bullfrog completely misses you. The bullfrog barely misses you.
Casting: Ensorcelled Hibernation
Confirm with . or Enter, or press ? or * to list all spells.
You don't have enough magic to cast that spell.
You barely miss the bullfrog.
The bullfrog is lightly wounded.
The bullfrog hits you.
* * * LOW HITPOINT WARNING * * *
It was a potion of brilliance.
You feel clever all of a sudden. The bullfrog completely misses you.
The bullfrog hits you.
You die...
You are now level 6!
You rejoin the land of the living...
Are you sure you want to abandon this character and quit the game? (Confirm with "yes".)

#### ....#
##..##....#
........... .
.......... ...
#........#
....##........#
...............
#.@# #..# ....#
......+
########


There were no monsters in sight!

Vanquished Creatures
  Sigmund (D:4)
  A phantom (D:4)
  2 ogres
  A sky beast (D:5)
  A gnoll shaman (D:4)
  A hound (D:4)
  2 iguanas (D:4)
  3 orc wizards
  3 worker ants
  A hound skeleton (D:4)
  Robin (D:2)
  3 adders
  An ooze (D:4)
  An adder skeleton (D:5)
  2 worms
  3 dart slugs
  2 leopard geckos
  9 orcs
  4 bats
  6 giant cockroaches
  15 goblins
  7 hobgoblins
  11 jackals
  3 quokkas
  5 ball pythons
  A ball python skeleton (D:4)
  A frilled lizard (D:1)
  3 kobolds
  5 rats
99 creatures vanquished.

Notes
Turn   | Place    | Note
-------+----------+-------------------------------------------
     0 | D:1      | inc the Felid Enchanter began the quest for the Orb.
     0 | D:1      | Reached XP level 1. HP: 7/7 MP: 4/4
   438 | D:1      | Reached XP level 2. HP: 11/11 MP: 3/6
   923 | D:1      | Learned a level 2 spell: Ensorcelled Hibernation
  1919 | D:2      | Reached XP level 3. HP: 14/14 MP: 7/7
  2028 | D:2      | Reached skill level 3 in Dodging
  2831 | D:3      | Noticed Robin
  3279 | D:2      | Learned a level 3 spell: Confuse
  3512 | D:2      | Killed Robin
  3512 | D:2      | Reached skill level 4 in Dodging
  3512 | D:2      | Reached XP level 4. HP: 18/18 MP: 2/8
  3973 | D:3      | Reached skill level 5 in Dodging
  4199 | D:3      | Noticed Terence
  4506 | D:4      | Reached XP level 5. HP: 21/21 MP: 2/9
  4540 | D:4      | Reached skill level 6 in Dodging
  4653 | D:4      | Noticed a phantom
  4681 | D:4      | Killed a phantom
  4681 | D:4      | Reached skill level 7 in Dodging
  4849 | D:4      | Gained mutation: You are covered in thick fur. (AC +2) [Felid growth]
  4849 | D:4      | Reached XP level 6. HP: 24/24 MP: 5/10
  5037 | D:4      | Noticed Sigmund
  5068 | D:4      | Killed Sigmund
  5068 | D:4      | Reached skill level 9 in Dodging
  5172 | D:4      | Reached XP level 7. HP: 27/27 MP: 3/11
  5497 | D:4      | Found a staircase to the Ecumenical Temple.
  5506 | Temple   | Entered the Ecumenical Temple
  5617 | Temple   | Became a worshipper of Gozag Ym Sagoz the Greedy
  5780 | D:4      | Reached skill level 10 in Dodging
  5897 | D:4      | Got a glittering silver ring
  6250 | D:5      | Entered Level 5 of the Dungeon
  6252 | D:5      | Noticed Menkaure
  6518 | D:5      | Reached skill level 1 in Ice Magic
  6601 | D:5      | Identified the ring of Yesterday {*Corrode rC+ Str+4 Int+4 SInv} (You found it on level 4 of the Dungeon)
  6644 | D:5      | Reached skill level 5 in Hexes
  7208 | D:5      | Reached skill level 5 in Stealth
  7449 | D:6      | HP: 1/27 [bullfrog (5)]
  7450 | D:6      | Slain by a bullfrog
  7451 | D:6      | Reached XP level 6. HP: -4/24 MP: 0/10
  7451 | D:6      | Quit the game

Skill      XL: |  1  2  3  4  5  6  7 |
---------------+----------------------+-----
Unarmed Combat | 2 3 |  3.0
Dodging        | 4 5 7 9 10 | 10.0
Ice Magic      | 1 |  1.8
Hexes          | 5 |  5.5
Stealth        | 5 |  5.2
Spellcasting   | |  2.0

Action                   |  1- 3 |  4- 6 |  7- 9 || total
-------------------------+-------+-------+-------++-------
Melee: Unarmed           |   106 |   138 |    85 ||   329
       Bite              |     4 |     7 |     9 ||    20
       Punch             |     1 |     2 |       ||     3
 Cast: Corona            |     9 |     2 |       ||    11
       Ensorcelled Hiber |    28 |    43 |    51 ||   122
       Confuse           |     1 |     7 |    10 ||    18
  Use: Potion            |       |       |     1 ||     1
 Stab: Sleeping          |    25 |    26 |    22 ||    73
       Confused          |       |     5 |     1 ||     6
  Eat: Chunk             |     9 |    10 |     4 ||    23
Armor: Skin              |     4 |     5 |     2 ||    11
Dodge: Dodged            |   105 |   135 |    94 ||   334
